[Event "ICC tourney 2516 (60 10)"]
[Site "Internet Chess Club"]
[Date "2021.04.18"]
[Round "5"]
[White "LAVALLEE, ETHAN:FixedTooth"]
[Black "SKELCHER, OLIVER:oliverskelcher"]
[Result "0-1"]
[ICCResult "White checkmated"]
[WhiteElo "321"]
[BlackElo "778"]
[Opening "Three knights game"]
[ECO "C46"]
[NIC "KP.06"]
[Time "13:17:09"]
[PlyCount "50"]
[TimeControl "3600+10"]

1. e4 e5 2. Nf3 Nc6 3. Nc3 Bb4 4. a3 Bxc3 5. dxc3 Nf6 6. Bc4 a6 7. Be3 d6
8. O-O Bg4 9. h3 Bh5 10. Qd2 Qd7 11. Bg5 Bxf3 12. Bxf6 gxf6 13. Qd3 Bh5 14.
Qg3 O-O-O 15. Rfe1 Rhg8 16. Qh4 Bf3 17. Qxf6 Bxg2 18. Bxf7 Qxh3 19. f3 Bh1+
20. Kf2 Bxf3 21. Bxg8 Qg2+ 22. Ke3 Rxg8 23. Qf7 Bh5 24. Qxh5 Rg3+ 25. Qf3
Rxf3# { White checkmated } 0-1

[Event "ICC tourney 2516 (60 10)"]
[Site "Internet Chess Club"]
[Date "2021.04.18"]
[Round "5"]
[White "TIENG, JONATHAN:GawGaw314"]
[Black "WANG, DEVIN V:DVWANG"]
[Result "1-0"]
[ICCResult "Black checkmated"]
[WhiteElo "1320"]
[BlackElo "1064"]
[Opening "Giuoco Piano"]
[ECO "C54"]
[NIC "IG.02"]
[Time "13:17:29"]
[PlyCount "61"]
[TimeControl "3600+10"]

1. e4 e5 2. Nf3 Nc6 3. Bc4 Bc5 4. c3 Nf6 5. d3 h6 6. Nbd2 d6 7. h3 Qe7 8.
O-O Be6 9. Re1 O-O-O 10. a4 a6 11. b4 Bb6 12. a5 Ba7 13. Qb3 Qd7 14. b5
axb5 15. Qxb5 Bxc4 16. Nxc4 g5 17. Rb1 b6 18. axb6 cxb6 19. Nxb6+ Bxb6 20.
Qxb6 Qc7 21. Qa6+ Kd7 22. Rb7 Ra8 23. Rxc7+ Kxc7 24. Qc4 Raf8 25. Ba3 g4
26. hxg4 Nxg4 27. Rb1 h5 28. Qd5 h4 29. Qxd6+ Kc8 30. Qxc6+ Kd8 31. Rb8# {
Black checkmated } 1-0

[Event "ICC tourney 2516 (60 10)"]
[Site "Internet Chess Club"]
[Date "2021.04.18"]
[Round "5"]
[White "Tsang, Brendan:BrendanBrave"]
[Black "PRASERTSOM, AUGUST SAHARAT:August2012"]
[Result "0-1"]
[ICCResult "White checkmated"]
[WhiteElo "588"]
[BlackElo "1013"]
[Opening "King's pawn game"]
[ECO "C50"]
[NIC "IG.03"]
[Time "13:21:54"]
[PlyCount "100"]
[TimeControl "3600+10"]

1. e4 e5 2. Nf3 Nc6 3. Bc4 Nd4 4. Nxe5 Qg5 5. Nxf7 Qxg2 6. Rf1 Qxe4+ 7. Qe2
Nxe2 8. Bxe2 Kxf7 9. f3 Qxc2 10. Na3 Qc4 11. Bxc4+ d5 12. Bxd5+ Be6 13.
Bxe6+ Kxe6 14. Rf2 Re8 15. Re2+ Kf7 16. Rxe8 Kxe8 17. d3 Bd6 18. h3 Ne7 19.
Bg5 Bxa3 20. bxa3 Rf8 21. f4 h6 22. Bxe7 Kxe7 23. Rc1 Kd7 24. Ra1 Rxf4 25.
Rb1 b6 26. Rb4 Rxb4 27. axb4 Kc6 28. Kd2 a5 29. bxa5 bxa5 30. Kc3 g5 31. d4
h5 32. Kd3 g4 33. hxg4 hxg4 34. Ke4 Kb5 35. Kf4 Kc4 36. Kxg4 Kxd4 37. Kf3
Kd3 38. Kf4 c5 39. Ke5 c4 40. Kd5 c3 41. Kc5 c2 42. Kb5 c1=Q 43. Kxa5 Qa3+
44. Kb5 Qxa2 45. Kb4 Qc4+ 46. Ka3 Ke4 47. Kb2 Qd3 48. Kc1 Qe2 49. Kb1 Kd3
50. Kc1 Qc2# { White checkmated } 0-1

[Event "ICC tourney 2516 (60 10)"]
[Site "Internet Chess Club"]
[Date "2021.04.18"]
[Round "5"]
[White "SINGH, ADITYA VEER:avs12"]
[Black "DORON-REPA, HILLEL:Hillel-2012"]
[Result "1-0"]
[ICCResult "Black checkmated"]
[WhiteElo "855"]
[BlackElo "221"]
[Opening "Sicilian: Richter-Rauzer, Rauzer attack, 7...Be7"]
[ECO "B63"]
[NIC "SI.27"]
[Time "13:17:13"]
[PlyCount "101"]
[TimeControl "3600+10"]

1. e4 c5 2. Nf3 d6 3. d4 cxd4 4. Nxd4 Nf6 5. Nc3 Nc6 6. Bg5 e6 7. Qd2 Be7
8. O-O-O d5 9. exd5 Nxd5 10. Bxe7 Ndxe7 11. Bd3 O-O 12. Nxc6 Nxc6 13. h4
Bd7 14. Bxh7+ Kxh7 15. Qxd7 Qxd7 16. Rxd7 Rab8 17. g4 Ne5 18. Rd4 Rfd8 19.
Rhd1 Rbc8 20. Rxd8 Rc4 21. R8d4 Rc6 22. g5 g6 23. f4 Nf3 24. Rd7 Kg7 25.
Rh1 Rb6 26. h5 e5 27. h6+ Kh8 28. fxe5 Nxe5 29. Rd8+ Kh7 30. Nd5 Ra6 31.
Nf6+ Rxf6 32. gxf6 Ng4 33. Re1 Kxh6 34. Ree8 Nxf6 35. Re7 Kg7 36. Rxb7 a5
37. c4 a4 38. c5 Ng8 39. c6 Nf6 40. c7 Ne4 41. c8=Q Nf6 42. Rb8 Ng8 43.
Rxg8+ Kf6 44. Rb6+ Kg5 45. Qc5+ f5 46. Rgxg6+ Kf4 47. Qd4+ Kf3 48. Rb4 a3
49. Qf4+ Ke2 50. Rg2+ Kd3 51. Qf3# { Black checkmated } 1-0

[Event "ICC tourney 2516 (60 10)"]
[Site "Internet Chess Club"]
[Date "2021.04.18"]
[Round "5"]
[White "MARCAL, ZIVA:SpeyerZivaM"]
[Black "ABDULLAH, AARIZ:onerider"]
[Result "0-1"]
[ICCResult "White checkmated"]
[WhiteElo "726"]
[BlackElo "1061"]
[Opening "Giuoco Piano"]
[ECO "C54"]
[NIC "IG.02"]
[Time "13:17:11"]
[PlyCount "134"]
[TimeControl "3600+10"]

1. e4 e5 2. Nf3 Nc6 3. Bc4 Bc5 4. c3 Nf6 5. d3 d5 6. exd5 Nxd5 7. d4 exd4
8. cxd4 Bb6 9. O-O O-O 10. Nbd2 Nxd4 11. Nxd4 Bxd4 12. Nf3 c5 13. Be3 Bxe3
14. fxe3 Nxe3 15. Qxd8 Rxd8 16. Rfc1 Nxc4 17. Rxc4 b6 18. Re1 Ba6 19. Rf4
Re8 20. Rfe4 Rxe4 21. Rxe4 Bb7 22. Re7 Bxf3 23. gxf3 Kf8 24. Rc7 a5 25. Rb7
Ra6 26. a4 g5 27. Kg2 Kg7 28. Kg3 h5 29. h4 gxh4+ 30. Kxh4 Kg6 31. f4 f5
32. b3 Kh6 33. Re7 Ra8 34. Re6+ Kg7 35. Rxb6 Re8 36. Rc6 Re4 37. Rxc5 Rxf4+
38. Kg5 Rg4+ 39. Kxf5 Kh6 40. Ke6 Rg6+ 41. Ke5 Rg5+ 42. Kd6 Rxc5 43. Kxc5
h4 44. b4 axb4 45. a5 b3 46. a6 b2 47. a7 b1=Q 48. a8=Q Qc1+ 49. Kd6 Qf4+
50. Ke6 Qg4+ 51. Kf7 Qg6+ 52. Ke7 Qg7+ 53. Ke6 Qg6+ 54. Kd7 Qf7+ 55. Kd6
Qf6+ 56. Kc7 Qe7+ 57. Kb6 Qb4+ 58. Kc6 Qe4+ 59. Kc7 Qxa8 60. Kb6 Qa4 61.
Kc7 Qa6 62. Kb8 h3 63. Kc7 h2 64. Kd7 h1=Q 65. Ke7 Qe1+ 66. Kf7 Qg6+ 67.
Kf8 Qee8# { White checkmated } 0-1

[Event "ICC tourney 2516 (60 10)"]
[Site "Internet Chess Club"]
[Date "2021.04.18"]
[Round "5"]
[White "PRYYMAK, DAVID:SABHDavidP"]
[Black "Gaw, Christian:cman-g"]
[Result "0-1"]
[ICCResult "White checkmated"]
[WhiteElo "206"]
[BlackElo "738"]
[Opening "Petrov: Italian variation"]
[ECO "C24"]
[NIC "IG.04"]
[Time "13:17:23"]
[PlyCount "88"]
[TimeControl "3600+10"]

1. e4 e5 2. Bc4 Nf6 3. Nf3 Nxe4 4. Nxe5 Qe7 5. Nc3 Nxc3 6. bxc3 Qxe5+ 7.
Qe2 Qxe2+ 8. Bxe2 Bc5 9. d4 Bb6 10. O-O O-O 11. Bd3 d6 12. Bf4 Be6 13. f3
Nd7 14. Rae1 Nf6 15. Be3 Rfe8 16. Bf4 h6 17. Be4 Nxe4 18. fxe4 d5 19. exd5
Bxd5 20. Re2 Rxe2 21. Bg3 Rae8 22. Re1 Rxe1+ 23. Bxe1 Rxe1+ 24. Kf2 Rc1 25.
Ke2 Rxc2+ 26. Kd3 Rxa2 27. c4 Bxg2 28. h3 Bxh3 29. c5 Bxc5 30. dxc5 b6 31.
cxb6 axb6 32. Kd4 Rd2+ 33. Ke3 Rg2 34. Kf3 Rg6 35. Kf4 Rc6 36. Ke5 b5 37.
Kd5 Rc1 38. Kd4 b4 39. Kd3 b3 40. Kd2 b2 41. Ke2 b1=Q 42. Kf2 Rc3 43. Ke2
Qb2+ 44. Ke1 Rc1# { White checkmated } 0-1

[Event "ICC tourney 2516 (60 10)"]
[Site "Internet Chess Club"]
[Date "2021.04.18"]
[Round "5"]
[White "Konzelmann, Lucas Joseph:Lkonzelmann"]
[Black "Iyer, Akash:akashiyer2012"]
[Result "1-0"]
[ICCResult "Black checkmated"]
[WhiteElo "751"]
[BlackElo "713"]
[Opening "Sicilian: closed"]
[ECO "B23"]
[NIC "SI.44"]
[Time "13:17:25"]
[PlyCount "67"]
[TimeControl "3600+10"]

1. e4 c5 2. Nc3 g6 3. Bc4 Bg7 4. Qf3 e6 5. d3 Nc6 6. Qd1 Nf6 7. Nf3 d5 8.
exd5 exd5 9. Bb3 O-O 10. O-O Bf5 11. h3 h6 12. a3 Qd7 13. Ba4 d4 14. Ne2 a6
15. Ng3 Be6 16. Re1 b5 17. Bb3 Bxb3 18. cxb3 Rfe8 19. Bd2 Rxe1+ 20. Bxe1
Re8 21. b4 cxb4 22. axb4 Qe7 23. Rxa6 Nxb4 24. Bxb4 Qxb4 25. Qc2 Nd5 26.
Qc6 Nf6 27. Ne4 Re6 28. Nxf6+ Bxf6 29. Qc8+ Re8 30. Qxe8+ Kg7 31. Qc6 Bd8
32. Ra8 Ba5 33. Qe8 Kh7 34. Qh8# { Black checkmated } 1-0

[Event "ICC tourney 2516 (60 10)"]
[Site "Internet Chess Club"]
[Date "2021.04.18"]
[Round "5"]
[White "PHU, EMMA:elliephuy"]
[Black "ZHANG, MOHAN:momozhang"]
[Result "1-0"]
[ICCResult "Black checkmated"]
[WhiteElo "1014"]
[BlackElo "824"]
[Opening "Sicilian: closed"]
[ECO "B23"]
[NIC "SI.44"]
[Time "13:17:10"]
[PlyCount "73"]
[TimeControl "3600+10"]

1. e4 c5 2. Nc3 d6 3. Bc4 e6 4. Nf3 Nf6 5. d3 Nc6 6. O-O g6 7. Be3 Bg7 8.
Qd2 O-O 9. Bh6 Ng4 10. Bxg7 Kxg7 11. h3 Nge5 12. d4 Nxf3+ 13. gxf3 cxd4 14.
Ne2 e5 15. Ng3 Bxh3 16. Rfd1 Qf6 17. Bf1 Bxf1 18. Rxf1 Qxf3 19. Qd3 Qh5 20.
Nxh5+ Kh6 21. Ng3 Rae8 22. f4 Re6 23. f5 Rf6 24. Rae1 Ne7 25. Re2 Rg8 26.
Rh2+ Kg7 27. c3 dxc3 28. bxc3 Kh8 29. Kh1 h5 30. Nxh5 gxh5 31. Rxh5+ Kg7
32. Rg1+ Kf8 33. Rxg8+ Kxg8 34. Qg3+ Kf8 35. Rh8+ Ng8 36. Qxg8+ Ke7 37.
Qd8# { Black checkmated } 1-0

[Event "ICC tourney 2516 (60 10)"]
[Site "Internet Chess Club"]
[Date "2021.04.18"]
[Round "5"]
[White "SHLISKY, CLARK:ClarkSps77"]
[Black "LI, ANTHONY:AnthonyLi2017"]
[Result "0-1"]
[ICCResult "White checkmated"]
[WhiteElo "950"]
[BlackElo "682"]
[Opening "Sicilian: Smith-Morra gambit"]
[ECO "B21"]
[NIC "SI.48"]
[Time "13:17:15"]
[PlyCount "80"]
[TimeControl "3600+10"]

1. e4 c5 2. d4 cxd4 3. Qxd4 Nc6 4. Qd1 Nf6 5. Nc3 e5 6. Bg5 Bb4 7. a3 Ba5
8. b4 Bb6 9. Bb5 h6 10. Bh4 O-O 11. Nd5 g5 12. Nxf6+ Qxf6 13. Bg3 a6 14.
Bxc6 dxc6 15. Nf3 Re8 16. O-O Bg4 17. Re1 Rad8 18. Qe2 Bd4 19. Rad1 Bc3 20.
Rf1 Bb2 21. a4 Bc3 22. h3 Bh5 23. Rb1 Rd2 24. Qe3 Rxc2 25. Ne1 Bxe1 26.
Rfxe1 g4 27. hxg4 Bxg4 28. Qd3 Ra2 29. Qb3 Be6 30. Qc2 Rxc2 31. Rbd1 Kh7
32. Re3 Rg8 33. Rf3 Qe7 34. Bxe5 Bg4 35. Bd6 Qe8 36. Rdd3 Bxf3 37. Rxf3
Qxe4 38. Rxf7+ Kg6 39. Rxb7 Kf6 40. Bc7 Qxg2# { White checkmated } 0-1

[Event "ICC tourney 2516 (60 10)"]
[Site "Internet Chess Club"]
[Date "2021.04.18"]
[Round "5"]
[White "KLEIN, EDEN LILY:edenlilyklein"]
[Black "Antonios, Mila:mimiant"]
[Result "0-1"]
[ICCResult "White checkmated"]
[WhiteElo "678"]
[BlackElo "1023"]
[Opening "French: advance variation"]
[ECO "C02"]
[NIC "FR.03"]
[Time "13:17:18"]
[PlyCount "70"]
[TimeControl "3600+10"]

1. e4 e6 2. d4 d5 3. e5 c5 4. Bb5+ Nc6 5. Nf3 Qb6 6. Bxc6+ Qxc6 7. Nc3 Bd7
8. Be3 Rc8 9. O-O Ne7 10. Bg5 Nf5 11. Qd2 Qb6 12. dxc5 Bxc5 13. Qf4 O-O 14.
b3 h6 15. Bh4 Bd4 16. Na4 Bxa4 17. Rab1 Bd7 18. g4 Qb4 19. Bg3 Nxg3 20.
Nxd4 Qxd4 21. Qxg3 Rxc2 22. a4 Rc3 23. Qh4 Qxe5 24. f4 Qd4+ 25. Rf2 Rf3 26.
Rf1 Rxf4 27. Rb1 Rxg4+ 28. Qg3 Rxg3+ 29. hxg3 Rc8 30. Kf1 Qe4 31. Re1 Qh1+
32. Ke2 Rc2+ 33. Ke3 Qxe1+ 34. Re2 Qxe2+ 35. Kd4 Qe4# { White checkmated }
0-1

[Event "ICC tourney 2516 (60 10)"]
[Site "Internet Chess Club"]
[Date "2021.04.18"]
[Round "5"]
[White "CHUN, MATTHIAS:Benjimc77"]
[Black "Peng, Terence:terecepps11"]
[Result "0-1"]
[ICCResult "White checkmated"]
[WhiteElo "753"]
[BlackElo "496"]
[Opening "Four knights: Italian variation"]
[ECO "C55"]
[NIC "IG.01"]
[Time "13:17:41"]
[PlyCount "72"]
[TimeControl "3600+10"]

1. e4 e5 2. Nf3 Nc6 3. Bc4 Nf6 4. Nc3 Nxe4 5. Nxe4 d5 6. Bxd5 Qxd5 7. Nc3
Qa5 8. O-O Bb4 9. a3 Bxc3 10. dxc3 O-O 11. b4 Qb5 12. Qd3 Qa6 13. c4 Ne7
14. Ng5 g6 15. Qh3 Bxh3 16. Nxh3 Qxc4 17. Bh6 Rfd8 18. Rfe1 Rd5 19. Nf4
exf4 20. Rxe7 Rad8 21. Rae1 Qc6 22. h3 Rd1 23. b5 Qxb5 24. c4 Qc6 25. Rxd1
Rxd1+ 26. Kh2 f6 27. Rg7+ Kh8 28. Rf7 Rd8 29. Re7 f3 30. g3 Qc5 31. Bg7+
Kg8 32. Re2 fxe2 33. Kg2 e1=Q 34. h4 Qcxf2+ 35. Kh3 f5 36. Be5 Qh1# { White
checkmated } 0-1

[Event "ICC tourney 2516 (60 10)"]
[Site "Internet Chess Club"]
[Date "2021.04.18"]
[Round "5"]
[White "AHN, WILLIAM TK:kitook"]
[Black "XIE, KEVIN:kevinxps10"]
[Result "1-0"]
[ICCResult "Black checkmated"]
[WhiteElo "789"]
[BlackElo "1081"]
[Opening "two knights defense: Fritz variation"]
[ECO "C57"]
[NIC "KP.01"]
[Time "13:17:23"]
[PlyCount "73"]
[TimeControl "3600+10"]

1. e4 e5 2. Nf3 Nc6 3. Bc4 Nf6 4. Ng5 d5 5. exd5 Nd4 6. c3 Nd7 7. d3 Nf5 8.
Qf3 Nd6 9. Bb3 Qf6 10. Qxf6 Nxf6 11. O-O h6 12. Nf3 Bf5 13. Nxe5 Ng4 14.
Nxg4 Bxg4 15. Re1+ Be7 16. Ba4+ b5 17. Bb3 Bf5 18. d4 Bg6 19. Nd2 Rb8 20.
c4 bxc4 21. Nxc4 Nxc4 22. Bxc4 Rb4 23. b3 Kd8 24. Ba3 Rb6 25. Bxe7+ Kd7 26.
Bc5 Rf6 27. Bb5+ Kc8 28. Re7 Kb7 29. Bc6+ Kb8 30. Rae1 Rc8 31. Re8 Rxc6 32.
dxc6 f6 33. Rxc8+ Kxc8 34. Re7 Kb8 35. Rxg7 Kc8 36. Rg8+ Be8 37. Rxe8# {
Black checkmated } 1-0

[Event "ICC tourney 2516 (60 10)"]
[Site "Internet Chess Club"]
[Date "2021.04.18"]
[Round "5"]
[White "Lee, Jesse:rubblepup"]
[Black "VARMA, ANAY:anayvarma"]
[Result "1-0"]
[ICCResult "Black checkmated"]
[WhiteElo "1241"]
[BlackElo "879"]
[Opening "Giuoco Piano: Greco variation"]
[ECO "C54"]
[NIC "IG.02"]
[Time "13:17:24"]
[PlyCount "109"]
[TimeControl "3600+10"]

1. e4 e5 2. Nf3 Nc6 3. Bc4 Bc5 4. c3 Nf6 5. d4 exd4 6. cxd4 Bb4+ 7. Nc3
Nxe4 8. O-O Nxc3 9. bxc3 Bxc3 10. Qb3 Bxa1 11. Bxf7+ Kf8 12. Bg5 Ne7 13.
Re1 d5 14. Bxe7+ Qxe7 15. Rxe7 Kxe7 16. Qxd5 Rd8 17. Qc4 c6 18. Bh5 Be6 19.
Qc5+ Kd7 20. Ne5+ Kc8 21. Qe7 Bd7 22. Nxd7 Rxd7 23. Bg4 Kc7 24. Qxd7+ Kb6
25. Qxg7 Re8 26. h3 Rd8 27. Qxh7 Bxd4 28. Qe7 Rd5 29. Bf3 Rc5 30. Qd8+ Kb5
31. Qxd4 b6 32. Be2+ Ka5 33. Qd2+ Ka4 34. Bd1+ Kb5 35. Be2+ Ka4 36. Qd4+
Ka3 37. Qd7 a5 38. Qb7 b5 39. Qb6 b4 40. Qxc5 a4 41. Qxc6 b3 42. axb3 axb3
43. Qc3 Ka2 44. Bc4 Kb1 45. Qxb3+ Kc1 46. Qa3+ Kc2 47. Qb3+ Kc1 48. Kf1 Kd2
49. Qd3+ Kc1 50. Ke1 Kb2 51. Qb3+ Kc1 52. Qc3+ Kb1 53. Bd3+ Ka2 54. Qb4 Ka1
55. Qa3# { Black checkmated } 1-0

[Event "ICC tourney 2516 (60 10)"]
[Site "Internet Chess Club"]
[Date "2021.04.18"]
[Round "5"]
[White "ASSELTA, SCARLETT:SRA0612"]
[Black "DUNIKOV, DAVID EUGENE:DavidNest"]
[Result "0-1"]
[ICCResult "White checkmated"]
[WhiteElo "859"]
[BlackElo "1230"]
[Opening "QP counter-gambit (elephant gambit)"]
[ECO "C40"]
[NIC "KP.10"]
[Time "13:17:14"]
[PlyCount "114"]
[TimeControl "3600+10"]

1. e4 e5 2. Nf3 d5 3. exd5 e4 4. Qe2 Nf6 5. c4 Be7 6. Nd4 c6 7. dxc6 Qxd4
8. cxb7 Bxb7 9. Nc3 Nc6 10. Nb5 Qd7 11. d3 a6 12. Nc3 Nd4 13. Qd2 O-O 14.
Be2 exd3 15. Qxd3 Bxg2 16. Rg1 Nf3+ 17. Kd1 Qxd3+ 18. Bxd3 Nxg1 19. Bf4 Nh3
20. Bg3 Nh5 21. Kc2 Nxg3 22. hxg3 Nxf2 23. Re1 Nxd3 24. Kxd3 Rad8+ 25. Kc2
Bf6 26. Re2 Bxc3 27. bxc3 Bf1 28. Rf2 Bxc4 29. a4 Rb8 30. Kc1 Bb3 31. Rb2
Rfd8 32. Rd2 Rxd2 33. Kxd2 Kf8 34. a5 Rb5 35. Kc1 Ke7 36. Kb2 Rxa5 37. Kxb3
Rg5 38. Kb4 Rxg3 39. c4 Rg4 40. Kc5 Rxc4+ 41. Kxc4 a5 42. Kb5 h5 43. Kxa5
h4 44. Kb4 h3 45. Kb5 h2 46. Kb6 g5 47. Kc5 g4 48. Kd4 g3 49. Ke3 g2 50.
Kf2 g1=Q+ 51. Kf3 h1=Q+ 52. Kf4 Qf2+ 53. Ke5 Qhe1+ 54. Kd5 Qfd2+ 55. Kc5
Qec1+ 56. Kb5 Qdb2+ 57. Ka5 Qca1# { White checkmated } 0-1

[Event "ICC tourney 2516 (60 10)"]
[Site "Internet Chess Club"]
[Date "2021.04.18"]
[Round "5"]
[White "HEMLOCK, SEBASTIAN KOH:SKH2011"]
[Black "Burton, Charles:NiceTractor"]
[Result "0-1"]
[ICCResult "White checkmated"]
[WhiteElo "777"]
[BlackElo "989"]
[Opening "Petrov's defense"]
[ECO "C42"]
[NIC "RG.03"]
[Time "13:17:11"]
[PlyCount "146"]
[TimeControl "3600+10"]

1. e4 e5 2. Nf3 Nf6 3. Nxe5 Qe7 4. Nf3 Nxe4 5. Qe2 Nf6 6. Qxe7+ Bxe7 7. Bc4
O-O 8. O-O Nc6 9. d4 d5 10. Bb3 Bg4 11. Rd1 Bxf3 12. gxf3 h6 13. Nc3 Rad8
14. Bf4 Bd6 15. Bxd6 Rxd6 16. Nb5 Rd7 17. Re1 a6 18. Nc3 Nxd4 19. Kg2 Nxb3
20. axb3 d4 21. Ne2 d3 22. cxd3 Rxd3 23. Nc3 Rdd8 24. Re7 Rd7 25. Rae1 Rxe7
26. Rxe7 Re8 27. Rxc7 Rb8 28. Ne4 Nd5 29. Rd7 Nb6 30. Rd6 Na8 31. Nc5 Nc7
32. Rd7 Ne6 33. Rxb7 Rxb7 34. Nxb7 Nc7 35. Kg3 Kh7 36. Kf4 Kg6 37. Kg4 f5+
38. Kf4 Kf6 39. h4 Nd5+ 40. Kg3 h5 41. Nc5 Nb4 42. f4 Ke7 43. Kf3 Kd6 44.
Nb7+ Kc6 45. Nd8+ Kd6 46. Nf7+ Ke7 47. Ne5 Kd6 48. Ke3 Kc5 49. Nd7+ Kc6 50.
Nf8 Kd6 51. Kd4 Nc6+ 52. Kd3 a5 53. Nh7 Kc5 54. Ng5 Nd4 55. Kc3 Ne2+ 56.
Kc2 Nxf4 57. Nf3 Nh3 58. Ng5 Nxg5 59. hxg5 h4 60. Kd1 h3 61. Ke1 h2 62. Ke2
h1=Q 63. g6 Qh5+ 64. Kd2 Qxg6 65. f4 Qd6+ 66. Ke3 Qd4+ 67. Kf3 Qd3+ 68. Kf2
Qxb3 69. Ke1 Qxb2 70. Kf1 a4 71. Kg1 a3 72. Kf1 a2 73. Ke1 a1=Q# { White
checkmated } 0-1

[Event "ICC tourney 2516 (60 10)"]
[Site "Internet Chess Club"]
[Date "2021.04.18"]
[Round "5"]
[White "NEMIROFF, SAMUEL:liznemiroff"]
[Black "ACEVEDO HERNANDEZ, KEYLA:NYHernandez"]
[Result "0-1"]
[ICCResult "White resigns"]
[WhiteElo "1065"]
[BlackElo "1258"]
[Opening "King's Indian: Four pawns attack"]
[ECO "E76"]
[NIC "KI.31"]
[Time "13:17:27"]
[PlyCount "74"]
[TimeControl "3600+10"]

1. d4 Nf6 2. c4 g6 3. Nc3 Bg7 4. e4 d6 5. f4 O-O 6. Nf3 e5 7. fxe5 dxe5 8.
d5 Bg4 9. Be2 Nbd7 10. O-O a5 11. b3 Nc5 12. Ba3 Ncxe4 13. Nxe4 Nxe4 14.
Bxf8 Qxf8 15. Qd3 Bf5 16. Qd1 Qc5+ 17. Kh1 Nf2+ 18. Rxf2 Qxf2 19. Rc1 Qc5
20. Qe1 e4 21. Nh4 Bd7 22. g3 g5 23. Ng2 c6 24. Qd2 h6 25. Ne3 Bd4 26. Ng4
Bxg4 27. Bxg4 Be3 28. Qd1 Bxc1 29. Qxc1 cxd5 30. Be2 dxc4 31. Bxc4 Kf8 32.
Qf1 Qe7 33. Qe2 e3 34. Kg1 Rd8 35. Qh5 Qf6 36. Qe2 Qa1+ 37. Qf1 Rd1 { White
resigns } 0-1

[Event "ICC tourney 2516 (60 10)"]
[Site "Internet Chess Club"]
[Date "2021.04.18"]
[Round "5"]
[White "YUEN, DAISY:littleknightie"]
[Black "Ma, Dorothy:Rosey9"]
[Result "1-0"]
[ICCResult "Black checkmated"]
[WhiteElo "990"]
[BlackElo "771"]
[Opening "Sicilian: Alapin's variation (2.c3)"]
[ECO "B22"]
[NIC "SI.46"]
[Time "13:18:48"]
[PlyCount "57"]
[TimeControl "3600+10"]

1. e4 c5 2. c3 d5 3. e5 Nc6 4. d4 cxd4 5. cxd4 Bf5 6. Nc3 e6 7. Nf3 h6 8.
Bb5 a6 9. Be2 Be7 10. O-O f6 11. Bf4 fxe5 12. Nxe5 Nf6 13. Bh5+ Kf8 14. Nf7
Qb6 15. Nxh8 Kg8 16. Nf7 Nxd4 17. Be3 Bc5 18. Ne2 Bc2 19. Qd2 Ne4 20. Qe1
Bb4 21. Bxd4 Bxe1 22. Bxb6 Bb4 23. Rfc1 Bd3 24. Ne5 Bb5 25. h3 Bd2 26. Rc7
Rb8 27. Nd4 Bf4 28. Bf7+ Kf8 29. Ng6# { Black checkmated } 1-0

[Event "ICC tourney 2516 (60 10)"]
[Site "Internet Chess Club"]
[Date "2021.04.18"]
[Round "5"]
[White "KYRIACOU, ARIS:AriWinsU"]
[Black "Lam, Oliver H.Y.:OliverLam"]
[Result "1-0"]
[ICCResult "Black checkmated"]
[WhiteElo "962"]
[BlackElo "448"]
[Opening "Queen's pawn, Mason variation"]
[ECO "D00"]
[NIC "QP.08"]
[Time "13:17:12"]
[PlyCount "133"]
[TimeControl "3600+10"]

1. d4 d5 2. Bf4 Nc6 3. e3 a6 4. Bd3 Nf6 5. Nf3 g6 6. Nbd2 Bg7 7. Ne5 O-O 8.
Ndf3 Bg4 9. Nxg4 Nxg4 10. Ng5 Nf6 11. Qf3 Re8 12. Qh3 e5 13. dxe5 Nxe5 14.
O-O h6 15. Nf3 Nxf3+ 16. Qxf3 Qd7 17. Rfd1 Qg4 18. Qxg4 Nxg4 19. h3 Nf6 20.
Bxc7 Rac8 21. Bg3 Nh5 22. Bh2 b5 23. b3 Bxa1 24. Rxa1 f5 25. Rc1 Kf7 26.
Kf1 Kf6 27. Rd1 g5 28. Rd2 f4 29. Be2 Kg6 30. Rxd5 Rxc2 31. Bd3+ Kf6 32.
Bxc2 fxe3 33. fxe3 Rxe3 34. Rd6+ Ke7 35. Rxh6 Nf6 36. Bg1 Re6 37. Bd4 Nd5
38. Rxe6+ Kxe6 39. a4 Nb4 40. Bb1 bxa4 41. bxa4 Nc6 42. Be3 Kf6 43. Bd3 a5
44. Be4 Nb4 45. Bd2 Ke5 46. Bxb4 axb4 47. Bh7 b3 48. a5 Kd6 49. a6 Kc7 50.
g3 Kb6 51. Bd3 Ka7 52. h4 gxh4 53. gxh4 b2 54. h5 b1=Q+ 55. Bxb1 Kxa6 56.
h6 Kb6 57. h7 Kc6 58. h8=Q Kd6 59. Qf6+ Kc5 60. Qe5+ Kb4 61. Qd4+ Kb3 62.
Ba2+ Kxa2 63. Qb6 Ka1 64. Ke2 Ka2 65. Kd2 Ka3 66. Kc3 Ka4 67. Qb4# { Black
checkmated } 1-0

[Event "ICC tourney 2516 (60 10)"]
[Site "Internet Chess Club"]
[Date "2021.04.18"]
[Round "5"]
[White "Wong, Kai Hei:kaiw49"]
[Black "KHAN, SAARIM YANAAL:Themarvelman"]
[Result "0-1"]
[ICCResult "White checkmated"]
[WhiteElo "917"]
[BlackElo "683"]
[Opening "Four knights: Italian variation"]
[ECO "C47"]
[NIC "RG.01"]
[Time "13:17:25"]
[PlyCount "52"]
[TimeControl "3600+10"]

1. e4 e5 2. Nf3 Nf6 3. Nc3 Nc6 4. Bc4 Nxe4 5. Nxe4 d5 6. Bxd5 Qxd5 7. Nc3
Qd8 8. d3 Bd6 9. Be3 O-O 10. O-O Qe7 11. Re1 Re8 12. Nd5 Qd8 13. c4 Ne7 14.
Nxe7+ Bxe7 15. a3 Bf5 16. d4 exd4 17. Qxd4 Bf6 18. Qxd8 Raxd8 19. Rad1 Bxb2
20. Bxa7 Bxa3 21. Rxd8 Rxd8 22. Bd4 Bb4 23. Re2 c5 24. Bb2 Rd1+ 25. Re1
Bxe1 26. Nxe1 Rxe1# { White checkmated } 0-1

[Event "ICC tourney 2516 (60 10)"]
[Site "Internet Chess Club"]
[Date "2021.04.18"]
[Round "5"]
[White "Han, Leqi:LH2013"]
[Black "GUTTMAN, JACK MAVERICK:Bg71"]
[Result "1/2-1/2"]
[ICCResult "Game drawn by repetition"]
[WhiteElo "1219"]
[BlackElo "1309"]
[Opening "Kevitz-Trajkovich defense"]
[ECO "A50"]
[NIC "QP.07"]
[Time "13:17:28"]
[PlyCount "88"]
[TimeControl "3600+10"]

1. d4 Nf6 2. c4 Nc6 3. Nc3 e5 4. d5 Ne7 5. e4 Ng6 6. Bg5 Bb4 7. Bd3 d6 8.
Nf3 O-O 9. O-O h6 10. Be3 Nh5 11. Nd2 Bxc3 12. bxc3 Nhf4 13. Bc2 b6 14.
Bxf4 Nxf4 15. Qf3 Qg5 16. Rfe1 Nh3+ 17. Kf1 Qxd2 18. Re2 Qg5 19. gxh3 f5
20. Qg2 Qxg2+ 21. Kxg2 f4 22. f3 Rf6 23. h4 h5 24. Kf2 Ba6 25. Bb3 Kh7 26.
Rg1 Rg6 27. Rxg6 Kxg6 28. Ke1 Kh6 29. Rg2 g6 30. Rg5 Bb7 31. Kd2 a5 32. Ba4
Ba6 33. Kd3 Rb8 34. Bb5 Bxb5 35. cxb5 Ra8 36. a4 Rg8 37. c4 Kg7 38. h3 Kf6
39. Kc3 Rg7 40. Kd3 Rd7 41. Kc3 Rd8 42. Kd3 Rg8 43. Kc3 Rg7 44. Kd3 Rg8 {
Game drawn by repetition } 1/2-1/2

[Event "ICC tourney 2516 (60 10)"]
[Site "Internet Chess Club"]
[Date "2021.04.18"]
[Round "5"]
[White "SLABIN, LEO:LeoNYC"]
[Black "Hu, Ruyi:Ruyi"]
[Result "1-0"]
[ICCResult "Black checkmated"]
[WhiteElo "1004"]
[BlackElo "791"]
[Opening "Ruy Lopez: old Steinitz defense"]
[ECO "C62"]
[NIC "RL.02"]
[Time "13:17:15"]
[PlyCount "81"]
[TimeControl "3600+10"]

1. e4 e5 2. Nf3 Nc6 3. Bb5 d6 4. Nc3 Bg4 5. h3 Bh5 6. d3 a6 7. Bc4 Nd4 8.
Be3 Nxf3+ 9. gxf3 Nf6 10. Qe2 Be7 11. O-O-O O-O 12. Rhg1 Bg6 13. Qd2 Qd7
14. Rh1 h6 15. Rdg1 b5 16. Bd5 c6 17. Bb3 a5 18. a3 a4 19. Ba2 Rfb8 20. h4
b4 21. axb4 Rxb4 22. Ne2 Rbb8 23. Ng3 d5 24. Nf5 dxe4 25. fxe4 Bxf5 26.
exf5 Qxf5 27. Bxh6 g6 28. Be3 a3 29. b3 e4 30. Bf4 Rb7 31. dxe4 Qxe4 32. h5
Bb4 33. Qe3 Qf5 34. Rg5 Qd7 35. hxg6 Qe7 36. g7 Nh7 37. Qh3 Qe4 38. f3
Qxf4+ 39. Kb1 f6 40. Qxh7+ Kf7 41. g8=Q# { Black checkmated } 1-0